 Dungeon Crawl Stone Soup version 0.19-a0-607-g42021f0 (webtiles) character file.

98298 Duffy the Basher (level 16, 87/87 HPs)
             Began as a Vine Stalker Fighter on June 10, 2016.
             Was the Champion of Cheibriados.
             Quit the game on level 14 of the Dungeon on June 12, 2016.
             The game lasted 00:32:15 (17992 turns).

Duffy the Basher (Vine Stalker Fighter)            Turns: 17992, Time: 00:32:15

Health: 87/87      AC: 24    Str: 38    XL:     16   Next: 22%
Magic:  23/23      EV: 18    Int: 25    God:    Cheibriados [******]
Gold:   1635       SH: 30    Dex: 28    Spells: 0 memorised, 15 levels left

rFire  . . .     SeeInvis +     m - +2 whip (elec)
rCold  . . .     Gourm    .     Q - quicksilver dragon armour
rNeg   + + +     Faith    .     y - +7 large shield of Failure {*Contam rN+++ Dex-5 SInv}
rPois  .         Spirit   +     d - +2 helmet
rElec  .         Dismiss  .     s - +0 cloak
rCorr  .         Reflect  .     C - +0 pair of gloves
SustAt .         Harm     .     b - +1 pair of boots
MR     +++..                    E - amulet of regeneration
Stlth  ++........               o - +3 ring of dexterity
                                K - +3 ring of protection

@: very slow, extremely resistant to hostile enchantments, unstealthy
A: fangs 3, regeneration 3, magic shield, antimagic bite, no device heal 3, rot
immunity
a: Bend Time, Temporal Distortion, Slouch, Step From Time, Renounce Religion


You were on level 14 of the Dungeon.
You worshipped Cheibriados.
Cheibriados was exalted by your worship.
You were not hungry.

You visited 3 branches of the dungeon, and saw 22 of its levels.
You also visited: Labyrinth.

You collected 1635 gold pieces.


Innate Abilities, Weirdness & Mutations

You have razor-sharp teeth.
You regenerate.
When hurt, damage is shared between your health and your magic reserves.
Your bite disrupts and absorbs the magic of your enemies.
Potions and wands cannot restore your health.
You are immune to rotting.


   Skills:
 - Level 11.0 Fighting
 - Level 12.0 Maces & Flails
 + Level 9.4 Armour
 + Level 9.2 Dodging
 - Level 11.8 Shields
 - Level 9.0 Invocations
 - Level 7.8 Evocations


You had 15 spell levels left.
You didn't know any spells.

Inventory:

Hand Weapons
 a - a +8 flail of holy wrath
 m - a +2 whip of electrocution (weapon)
 I - a +0 blowgun
Missiles
 L - 5 curare-tipped needles
Armour
 b - a +1 pair of boots (worn)
 d - a +2 helmet (worn)
 s - a +0 cloak (worn)
 y - the +7 large shield of Failure (worn) {*Contam rN+++ Dex-5 SInv}

   It affects your dexterity (-5).
   It renders you almost immune to negative energy.
   It lets you see invisible.
   It causes magical contamination when unequipped.
 C - a +0 pair of gloves (worn)
 Q - a quicksilver dragon armour (worn)
Jewellery
 c - an uncursed ring of protection from cold
 n - an uncursed ring of protection from fire
 o - a +3 ring of dexterity (right hand)
 E - an amulet of regeneration (around neck)
 K - a +3 ring of protection (left hand)
 M - a +3 ring of evasion {unknown}
 U - an uncursed ring of fire
Wands
 h - a wand of confusion (24/48)
 j - a wand of disintegration (12/24)
 v - a wand of paralysis (13/24)
 G - a wand of disintegration (2/24)
 H - a wand of flame (30/48)
 O - a wand of polymorph (14/24)
 P - a wand of lightning (6/15)
 W - a wand of iceblast (5/15)
Scrolls
 e - 5 scrolls of fog
 g - a scroll of enchant armour
 l - 3 scrolls of teleportation
 q - a scroll of enchant weapon
 t - 11 scrolls of remove curse
 u - 4 scrolls of fear
 w - a scroll of blinking
 x - 3 scrolls of magic mapping
Potions
 i - 7 potions of might
 r - a potion of magic
 z - 2 potions of cancellation
 A - 5 potions of curing
 D - 4 potions of agility
 J - a potion of ambrosia
 N - 4 potions of flight
 R - a potion of resistance
Miscellaneous
 X - a fan of gales
Comestibles
 f - 14 bread rations
 k - 10 meat rations
 p - 9 fruits
 V - 4 beef jerkies

Dungeon Overview and Level Annotations

Branches:
Dungeon (15/15)            Temple (1/1) D:7            Lair (6/6) D:10
  Swamp (0/4) Lair:2       Spider (0/4) Lair:3        Slime (0/5) Lair:6
    Orc (0/2) D:12         Vaults (0/5) D:13         Depths (0/5) D:15

Altars:
Ashenzari
Cheibriados
Dithmenos
Elyvilon
Fedhas
Gozag
Hepliaklqana
Kikubaaqudgha
Makhleb
Nemelex Xobeh
Okawaru
Pakellas
Qazlal
Ru
Sif Muna
Trog
Uskayaw
Vehumet
Xom
Yredelemnul
Zin
The Shining One
Jiyva

Annotations:
Lair:2 exclusion: oklob plant
Lair:6 exclusion: oklob plant


Message History

No target in view!
No target in view!
Things that are here:
a broad axe; a leather armour; a meliai corpse
Items here: )) [[ a hand axe of freezing; a leather armour; a hand axe; a glowing robe Magic restored.
HP restored.
You found a shaft!
A gargoyle comes into view. It is wielding a dire flail.
You hit the gargoyle.
You bite the gargoyle, but do no damage.
The gargoyle is lightly damaged.
You block the gargoyle's attack.
You hit the gargoyle but do no damage.
You bite the gargoyle, but do no damage.
The gargoyle is lightly damaged.
You hit the gargoyle but do no damage. Your bite misses the gargoyle.
The gargoyle is lightly damaged.
You block the gargoyle's attack.
You hit the gargoyle. You bite the gargoyle. You drain its power.
The gargoyle is heavily damaged.
You hit the gargoyle but do no damage.
You bite the gargoyle, but do no damage.
The gargoyle is heavily damaged.
The gargoyle misses you.
You hit the gargoyle but do no damage.
You bite the gargoyle, but do no damage.
The gargoyle is heavily damaged.
You closely miss the gargoyle. You bite the gargoyle! You drain its power.
You destroy the gargoyle!
Cheibriados appreciates the change of pace.
No target in view!
No target in view!
No target in view!
No target in view!
No target in view!
No target in view!
No target in view!
No target in view!
You see here a dire flail.
You see here a mace.
Done exploring.
Done exploring.
Done exploring.
Save game and exit?
Welcome back, Duffy the Vine Stalker Fighter.
Cheibriados says: Take it easy.
Press ? for a list of commands and other information.
Are you sure you want to abandon this character and quit the game? (Confirm with "yes".)

......# ##############.###.#.##
#####.### #..................#...
........###...##..########.#####.
....(.#.##..........## #...#...
......#.).#...##...#.# ###.#.##
#####.###..#[.##..#..# #...#
#.......#....#...# ##.##
#.###....#..#....# #.#
#.###.##).##@.##.# #.#
#.##..##..##..##.# #.#
#.##.....#..#....# #.#
#.##....#....#...# #.#
#......#..##..#..# #.#
#####.#...##...#.# #.#
##.......!..## #.#
####.##...###### #.#
#...........#####[#


There were no monsters in sight!

Action                   |  1- 3 |  4- 6 |  7- 9 | 10-12 | 13-15 | 16-18 || total
-------------------------+-------+-------+-------+-------+-------+-------++-------
Melee: Flail             |   116 |   199 |   257 |   648 |   627 |       ||  1847
       Bite              |    20 |    53 |    78 |   295 |   728 |   110 ||  1284
       Whip              |       |       |       |       |   581 |   159 ||   740
Invok: Slouch            |       |       |       |       |     4 |       ||     4
Evoke: Wand              |       |       |       |     2 |       |     2 ||     4
  Use: Potion            |       |     1 |       |       |     1 |       ||     2
       Scroll            |       |       |     7 |    11 |    17 |     2 ||    37
 Stab: Sleeping          |       |       |       |       |     3 |       ||     3
       Distracted        |       |       |       |       |     2 |       ||     2
  Eat: Chunk             |     1 |    15 |     4 |    10 |    13 |       ||    43
       Pizza             |       |       |       |       |     3 |       ||     3
       Royal jelly       |       |       |       |       |     1 |       ||     1
Armor: Scale mail        |     7 |       |       |       |       |       ||     7
       Plate armour      |    85 |   180 |   135 |   204 |       |       ||   604
       Chain mail        |       |       |       |    17 |       |       ||    17
       Quicksilver drago |       |       |       |    84 |   253 |    17 ||   354
Dodge: Dodged            |    13 |    36 |    38 |   173 |   252 |    27 ||   539
Block: Shield            |    52 |   137 |   121 |   468 |   142 |       ||   920
       Large shield      |       |       |       |       |  1247 |   140 ||  1387

Notes
Turn   | Place    | Note
--------------------------------------------------------------
     0 | D:1      | Duffy the Vine Stalker Fighter began the quest for the Orb.
     0 | D:1      | Reached XP level 1. HP: 11/11 MP: 2/2
    99 | D:1      | Reached skill level 2 in Maces & Flails
   204 | D:1      | Reached XP level 2. HP: 16/16 MP: 3/3
   544 | D:2      | Found a stormy altar of Qazlal.
   715 | D:2      | Reached skill level 3 in Shields
   738 | D:2      | Reached XP level 3. HP: 19/19 MP: 4/4
  1063 | D:2      | Reached skill level 3 in Maces & Flails
  1101 | D:2      | Found a white marble altar of Elyvilon.
  1158 | D:2      | Reached XP level 4. HP: 23/23 MP: 5/5
  1648 | D:3      | Reached XP level 5. HP: 27/27 MP: 6/6
  1753 | D:3      | Reached skill level 4 in Shields
  2098 | D:3      | Noticed Grinder
  2107 | D:3      | Killed Grinder
  2107 | D:3      | Reached skill level 4 in Maces & Flails
  2107 | D:3      | Gained mutation: You heal very quickly. [Vine Stalker growth]
  2107 | D:3      | Reached XP level 6. HP: 26/32 MP: 7/7
  2117 | D:3      | Reached skill level 5 in Shields
  2337 | D:4      | Noticed Robin
  2368 | D:3      | Killed Robin
  2442 | D:3      | Reached XP level 7. HP: 32/35 MP: 8/8
  2472 | D:2      | Reached skill level 3 in Fighting
  2472 | D:2      | Reached skill level 5 in Maces & Flails
  2561 | D:4      | Found a shattered altar of Ashenzari.
  2735 | D:4      | Noticed Edmund
  2822 | D:4      | Killed Edmund
  3168 | D:5      | Entered Level 5 of the Dungeon
  3178 | D:5      | Reached skill level 3 in Armour
  3222 | D:5      | Noticed a hippogriff
  3232 | D:5      | Killed a hippogriff
  3232 | D:5      | Reached skill level 4 in Fighting
  3342 | D:5      | Found a burning altar of Makhleb.
  3346 | D:5      | Gained mutation: You have razor-sharp teeth. [Vine Stalker growth]
  3346 | D:5      | Reached XP level 8. HP: 42/42 MP: 9/9
  3423 | D:5      | Got a coiled jade ring
  3424 | D:5      | Identified the ring of Siobiw {*Confuse rF+ EV+1 Str+5 Dex+2} (You found it on level 5 of the Dungeon)
  4027 | D:6      | Noticed Menkaure
  4027 | D:6      | Killed Menkaure
  4027 | D:6      | Reached skill level 6 in Maces & Flails
  4027 | D:6      | Reached skill level 4 in Armour
  4028 | D:6      | Noticed Prince Ribbit
  4032 | D:6      | Killed Prince Ribbit
  4032 | D:6      | Reached skill level 5 in Fighting
  4057 | D:6      | Reached XP level 9. HP: 45/47 MP: 8/10
  4432 | D:7      | Found a hide-covered altar of Uskayaw.
  4436 | D:7      | Found a radiant altar of Vehumet.
  4437 | D:7      | Found a burning altar of Makhleb.
  4438 | D:7      | Found a deep blue altar of Sif Muna.
  4438 | D:7      | Found a sparkling altar of Nemelex Xobeh.
  4438 | D:7      | Found a glowing golden altar of the Shining One.
  4438 | D:7      | Found a blossoming altar of Fedhas.
  4439 | D:7      | Found an ancient bone altar of Kikubaaqudgha.
  4443 | D:7      | Found a snail-covered altar of Cheibriados.
  4450 | D:7      | Became a worshipper of Cheibriados the Contemplative
  4463 | D:7      | You fall through a shaft for 3 floors!
  4463 | D:10     | Entered Level 10 of the Dungeon
  4480 | D:10     | Reached skill level 7 in Maces & Flails
  4485 | D:10     | Noticed a hill giant
  4502 | D:10     | Killed a hill giant
  4502 | D:10     | Reached skill level 6 in Fighting
  4523 | D:9      | Got a pair of ancient boots
  4540 | D:9      | Identified the cursed -2 pair of boots of Sif Muna's Indignation {rF- Str+8 Int+3} (You found it on level 9 of the Dungeon)
  4617 | D:9      | Found a shimmering altar of Xom.
  4667 | D:9      | Reached * piety under Cheibriados
  4672 | D:9      | Reached skill level 8 in Maces & Flails
  4743 | D:9      | Noticed Ijustatesigmund's ghost (novice MfFi)
  4747 | D:9      | Reached skill level 7 in Fighting
  4756 | D:9      | Killed Ijustatesigmund's ghost
  4756 | D:9      | Reached XP level 10. HP: 48/56 MP: 11/11
  4838 | D:7      | Reached skill level 9 in Maces & Flails
  4950 | D:7      | Reached skill level 8 in Fighting
  4986 | D:7      | Found a staircase to the Ecumenical Temple.
  4992 | Temple   | Entered the Ecumenical Temple
  5090 | D:7      | Reached ** piety under Cheibriados
  5268 | D:8      | Found an iron altar of Okawaru.
  5694 | D:8      | Reached *** piety under Cheibriados
  5924 | D:9      | Found an opulent altar of Gozag.
  5990 | D:9      | Reached skill level 9 in Fighting
  6032 | D:9      | Reached skill level 10 in Maces & Flails
  6249 | D:9      | Reached **** piety under Cheibriados
  6331 | D:9      | Reached XP level 11. HP: 62/62 MP: 12/12
  6665 | D:10     | Noticed a hill giant
  6674 | D:10     | Killed a hill giant
  6702 | D:10     | Found a staircase to the Lair.
  6703 | D:10     | Noticed Urug
  6720 | D:10     | Killed Urug
  6720 | D:10     | Reached skill level 10 in Fighting
  6769 | D:10     | Reached ***** piety under Cheibriados
  6869 | D:10     | Reached skill level 11 in Maces & Flails
  6880 | D:10     | Reached skill level 1 in Dodging
  7070 | Lair:1   | Entered Level 1 of the Lair of Beasts
  7131 | Lair:1   | Reached skill level 1 in Invocations
  7279 | Lair:1   | Reached skill level 2 in Invocations
  7288 | Lair:1   | Noticed Grum
  7301 | Lair:1   | Killed Grum
  7430 | Lair:1   | Reached skill level 3 in Invocations
  7580 | Lair:1   | You fall through a shaft!
  7580 | Lair:2   | Found a labyrinth entrance.
  7587 | Lab      | Entered a labyrinth
  7922 | Lab      | Noticed a minotaur
  7932 | Lab      | Killed a minotaur
  7932 | Lab      | Reached skill level 4 in Invocations
  8062 | Lair:2   | Gained mutation: You regenerate. [Vine Stalker growth]
  8062 | Lair:2   | Reached XP level 12. HP: 48/67 MP: 11/16
  8116 | Lair:2   | Reached skill level 5 in Invocations
  8199 | Lair:2   | Reached skill level 12 in Maces & Flails
  8283 | Lair:2   | Reached skill level 2 in Dodging
  8286 | Lair:2   | Reached ****** piety under Cheibriados
  8410 | Lair:2   | Noticed Fannar
  8424 | Lair:2   | Killed Fannar
  8424 | Lair:2   | Reached skill level 3 in Dodging
  8424 | Lair:2   | Reached skill level 6 in Invocations
  8652 | Lair:2   | Noticed a four-headed hydra
  8666 | Lair:2   | Killed a four-headed hydra
  8756 | Lair:2   | Reached skill level 4 in Dodging
  8756 | Lair:2   | Reached skill level 7 in Invocations
  8910 | Lair:2   | Found a staircase to the Swamp.
  9150 | Lair:2   | Reached skill level 8 in Invocations
  9362 | Lair:3   | Found a hole to the Spider Nest.
  9411 | Lair:3   | Reached skill level 9 in Invocations
  9540 | Lair:3   | Reached XP level 13. HP: 65/72 MP: 17/20
  9616 | Lair:3   | Reached skill level 6 in Shields
  9951 | Lair:1   | Reached skill level 11 in Fighting
 10896 | Lair:4   | Reached skill level 7 in Shields
 10896 | Lair:4   | Reached skill level 1 in Evocations
 11471 | Lair:4   | Upgraded the game from 0.19-a0-593-gf2cdb02 to 0.19-a0-607-g42021f0
 11631 | Lair:5   | Reached skill level 2 in Evocations
 11659 | Lair:5   | Reached skill level 3 in Evocations
 11742 | Lair:5   | Reached skill level 8 in Shields
 11770 | Lair:5   | Reached skill level 4 in Evocations
 11781 | Lair:5   | Got a steaming large shield
 11813 | Lair:4   | Identified the +7 large shield of Failure {*Contam rN+++ Dex-5 SInv} (You found it on level 5 of the Lair of Beasts)
 12076 | Lair:5   | Reached skill level 5 in Evocations
 12303 | Lair:5   | Reached skill level 9 in Shields
 12442 | Lair:6   | Entered Level 6 of the Lair of Beasts
 12447 | Lair:6   | Noticed Snorg
 12485 | Lair:6   | Killed Snorg
 12524 | Lair:6   | Reached XP level 14. HP: 79/79 MP: 21/21
 12526 | Lair:6   | Reached skill level 6 in Evocations
 12713 | Lair:6   | Reached skill level 7 in Evocations
 12716 | Lair:6   | Reached skill level 10 in Shields
 12776 | Lair:6   | Got an ichor-stained scale mail
 12787 | Lair:6   | Identified the +7 scale mail of Absolutism {-Tele rPois rC- Regen+} (You found it on level 6 of the Lair of Beasts)
 12866 | Lair:6   | Found a runed door.
 12867 | Lair:6   | Found a viscous altar of Jiyva.
 12886 | Lair:6   | Found a staircase to the Slime Pits.
 13195 | Lair:6   | Found a blossoming altar of Fedhas.
 13590 | Lair:5   | Reached skill level 5 in Armour
 14417 | D:12     | Reached skill level 5 in Dodging
 14549 | D:12     | Found a staircase to the Orcish Mines.
 14623 | D:12     | Got a brightly glowing ivory ring
 14794 | D:12     | Identified the ring "Korgh" {*Tele rPois rN+} (You found it on level 12 of the Dungeon)
 15051 | D:12     | Reached skill level 11 in Shields
 15075 | D:12     | Reached skill level 6 in Armour
 15079 | D:13     | Found a gate to the Vaults.
 15079 | D:13     | Noticed Rupert
 15081 | D:13     | Reached XP level 15. HP: 82/82 MP: 16/22
 15082 | D:13     | Reached skill level 6 in Dodging
 15091 | D:12     | Killed Rupert
 15202 | D:13     | Reached skill level 7 in Armour
 15275 | D:13     | Noticed Frances
 15300 | D:13     | Noticed Kirke
 15311 | D:13     | Killed Kirke
 15383 | D:13     | Killed Frances
 15402 | D:13     | Noticed st0uf's ghost (journeyman FoFi)
 15420 | D:13     | Killed st0uf's ghost
 15896 | D:14     | Reached skill level 7 in Dodging
 16223 | D:15     | Entered Level 15 of the Dungeon
 16275 | D:15     | Reached skill level 8 in Armour
 16324 | D:15     | Found a snail-covered altar of Cheibriados.
 16565 | D:15     | Reached skill level 8 in Dodging
 16622 | D:15     | Found a white marble altar of Elyvilon.
 16951 | D:15     | Noticed a frost giant
 16963 | D:15     | Killed a frost giant
 16974 | D:15     | Found a staircase to the Depths.
 17129 | D:15     | Reached XP level 16. HP: 87/87 MP: 23/23
 17194 | D:15     | Reached skill level 9 in Armour
 17501 | D:14     | Noticed Sonja
 17507 | D:14     | Killed Sonja
 17561 | D:14     | Reached skill level 9 in Dodging
 17992 | D:14     | Quit the game

Skill      XL: |  1  2  3  4  5  6  7  8  9 10 11 12 13 14 15 16 |
---------------+-------------------------------------------------+-----
Maces & Flails | 2 3 4 5 6 8 10 11 12 | 12.0
Shields        | 3 4 5 9 11 | 11.8
Fighting       | 4 5 7 9 10 11 | 11.0
Armour         | 3 4 6 8 9 |  9.4
Dodging        | 1 4 5 8 9 |  9.2
Invocations    | 4 9 |  9.0
Evocations     | 5 7 |  7.8

Vault maps used:
D:1:      dpeg_arrival_three_same_balls, dk_noncrumbling_3
D:2:      lemuel_doored_altar, grunt_qazlal_clouds
D:3:      wad_woods_tower, uniq_grinder
D:4:      ashenzari_conservatory_becter, first_bread, uniq_robin, uniq_edmund
D:5:      makhleb_blood_cavern_becter
D:6:      uniq_menkaure, uniq_prince_ribbit1
D:7:      minitemple, minmay_temple_entry_overgrown, the_bakery
D:8:      okawaru_gym_becter
D:9:      tgw_xom, nicolae_gozag_seed_capital
D:10:     lair_0_dummy, serial_park_tiny_pond, st_stairs_12, uniq_urug
D:11:     hangedman_decor_points
D:12:     zombieorc2_lemuel, serial_curves, eino_curves_01, eino_curves_01,
          hangedman_abyss_or_decor_slice
D:13:     david_vaults_3, uniq_frances, uniq_kirke
D:14:     minivault_26, nicolae_straight_to_the_point, uniq_sonja
D:15:     grunt_enter_depths_snipers, cheibriados_altar_1, basic_altar,
          minmay_misc_feat_iff
Temple:   cyrus_temple_forest_13
Lair:1:   worms_lemuel, grunt_megastairs_2, uniq_grum
Lair:2:   nicolae_swamp_entry_splash_gauntlet, lab_entry_generic,
          eino_house_with_fridge, grunt_megastairs_4, serial_bayou_shore_a,
          uniq_fannar
Lair:3:   spider_nest_entry_web_field, roderic_lost_polar_bear
Lair:4:   infiniplex_staircase_pool_2
Lair:5:   infiniplex_staircase_pool
Lair:6:   minmay_lair_end_enchanted_forest, slime_altar_2, tgw_fedhas,
          uniq_snorg
Lab:      labyrinth_mini_lab, labyrinth_skeletal_remains

Vanquished Creatures
  Rupert Frances Kirke
  A frost giant
  The ghost of st0uf the Cleaver, a journeyman FoFi of Uskayaw Snorg
  A minotaur
  An ogre mage Fannar
  A rakshasa
  3 hydras
  A catoblepas
  A death knight
  5 centaur warriors
  The ghost of Ijustatesigmund the Spear-Bearer, a novice MfFi of Cheibriados
  6 death yaks Urug Sonja
  3 unseen horrors
  9 hill giants
  3 orc knights
  12 ugly things
  A wolf spider zombie
  4 deep elf magi
  A necromancer
  2 griffons
  3 cyclopes
  7 black mambas
  A moth of wrath (shapeshifter)
  7 elephants
  A torpor snail
  7 centaur skeletons
  2 gargoyles
  6 spiny frogs
  A yaktaur
  An efreet
  9 komodo dragons
  A rime drake
  2 freezing wraiths
  A tengu conjurer
  2 spriggan druids
  5 trolls
  3 meliai
  7 polar bears Prince Ribbit Grinder
  5 two-headed ogres
  11 slime creatures
  15 blink frogs
  4 redbacks
  13 spriggans
  4 wyverns
  37 yaks
  3 shadows
  17 humans
  A spriggan (shapeshifter)
  3 wraiths
  A steam dragon Grum
  A basilisk
  5 hungry ghosts
  12 hippogriffs
  4 vampire mosquitoes Menkaure Edmund
  2 mottled dragons
  A warg
  6 swamp worms
  14 porcupines
  14 water moccasins
  6 orc warriors
  3 sky beasts
  11 black bears
  2 eyes of draining
  3 wasps
  3 ice beasts
  A phantom
  5 ogres
  44 wolves
  10 crocodiles
  13 centaurs
  5 big kobolds
  3 wyvern zombies
  A gnoll sergeant
  16 giant frogs
  3 troll zombies
  A wyvern skeleton
  5 scorpions
  12 killer bees
  3 electric eels
  16 wights
  7 centaur zombies
  10 crimson imps
  4 hounds
  2 wasp zombies
  7 orc priests
  A giant frog zombie
  5 jellies
  16 orc wizards
  4 giant frog skeletons
  11 iguanas
  6 hell rats
  9 worker ants
  2 polar bear simulacra
  A yak simulacrum
  14 sheep
  3 wolf simulacra
  5 ogre zombies
  2 hound skeletons Robin
  A worker ant zombie
  14 gnolls
  12 adders
  53 river rats
  5 shadow imps
  2 oozes
  22 worms
  A dart slug
  7 giant geckos
  56 orcs
  4 ball pythons
  9 giant cockroaches
  14 goblins
  9 hobgoblins
  8 jackals
  10 quokkas
  8 bats
  4 giant newts
  3 goblin zombies
  A hobgoblin skeleton
  5 hobgoblin zombies
  A jackal zombie
  24 kobolds
  2 orc skeletons
  14 orc zombies
  A quokka zombie
  8 rats
  5 river rat simulacra
  18 fungi
  11 plants
  12 toadstools
928 creatures vanquished.
